Map: [TLMC15] Glittering Ashes

Players

Clem - Winner!

  • Race: Terran Terran

Cyan

  • Race: Protoss Protoss

Event: DreamHack SC2 Masters 2021 Winter

VOD

Have the link to the VOD?

Description

Time

  • Played on: Nov. 10, 2021, 8:41 a.m.
  • Length: 15:05

All games in this series

Show
View Real Time Build Order
Export as new Build Order

Clem Terran - Winner!

Build Orders:  

Get SALT Encoding   

  12  0:00  SCV  
  13  0:12  SCV  
  14  0:16  Supply Depot  
  14  0:24  SCV  
  15  0:38  SCV  
  15  0:39  Barracks  
  16  0:45  Refinery  
  16  0:50  SCV  
  17  1:02  SCV  
  18  1:14  SCV  
  19  1:27  Marine, Orbital Command  
  20  1:41  Command Center  
  20  1:46  Barracks Reactor  
  20  1:53  SCV  
  21  1:58  Supply Depot  
  21  2:05  SCV  
  22  2:09  Factory  
  22  2:17  SCV  
  22  2:22  Reaper, Marine  
  25  2:26  Refinery  
  25  2:29  Bunker  
  25  2:31  SCV  
  26  2:40  Marine  
  26  2:43  SCV  
  28  2:54  Hellion, Marine  
  28  2:55  Orbital Command  
  28  2:58  SCV  
  32  3:06  Starport  
  32  3:11  SCV  
  33  3:16  Factory Tech Lab  
  33  3:17  Marine x2  
  35  3:21  SCV  
  35  3:23  Supply Depot  
  35  3:25  SCV  
  37  3:33  SCV  
  38  3:37  SCV  
  38  3:41  Barracks  
  39  3:44  Factory Tech Lab, Marine x2  
  39  3:45  SCV  
  41  3:49  Raven  
  41  3:50  SCV  
  41  3:53  Barracks  
  44  3:57  SCV  
  44  4:02  SCV  
  46  4:03  Supply Depot  
  46  4:06  Siege Tank  
  46  4:08  Marine  
  46  4:09  Marine  
  50  4:13  SCV  
  50  4:14  SCV  
  53  4:22  Refinery  
  53  4:23  Engineering Bay  
  53  4:27  SCV x2  
  53  4:29  Marine  
  53  4:30  Supply Depot  
  56  4:31  Marine  
  57  4:39  Marine  
  57  4:44  SCV  
  59  4:46  Stimpack  
  59  4:47  SCV  
  59  4:50  Supply Depot  
  59  4:51  Marine x2  
  62  4:52  Refinery  
  62  4:54  Terran Infantry Weapons Level 1  
  62  4:57  Combat Shield  
  62  4:59  Marauder  
  64  5:02  SCV  
  64  5:04  SCV  
  66  5:07  Marauder  
  66  5:12  Supply Depot  
  68  5:15  SCV, Marine  
  68  5:16  SCV, Marine  
  68  5:20  Factory Reactor, Starport Reactor  
  72  5:24  Marauder  
  72  5:27  SCV  
  75  5:29  SCV  
  75  5:33  Marine  
  75  5:34  Supply Depot, Marine  
  78  5:36  Marauder  
  78  5:39  SCV  
  78  5:41  SCV  
  82  5:46  Supply Depot  
  82  5:52  Marine x2  
  82  5:54  Marauder  
  86  5:57  Marauder, Medivac x2  
  86  5:59  Widow Mine  
  94  6:05  Supply Depot  
  94  6:08  Widow Mine  
  94  6:09  Supply Depot  
  94  6:10  Marine x2  
  98  6:18  Command Center  
  98  6:21  Widow Mine  
  98  6:25  Concussive Shells  
  100  6:27  Supply Depot  
  100  6:29  Marauder  
  100  6:30  Widow Mine  
  100  6:32  Marine x2  
  106  6:34  Marauder  
  106  6:38  Medivac  
  110  6:40  Medivac  
  110  6:45  Supply Depot  
  110  6:46  Widow Mine  
  114  6:51  Widow Mine  
  114  6:52  SCV x2  
  114  6:53  Terran Infantry Armor Level 1  
  118  7:00  Marine x2  
  118  7:01  Marauder x2  
  124  7:04  SCV  
  124  7:07  Supply Depot  
  125  7:09  Barracks  
  125  7:11  Barracks  
  125  7:15  Widow Mine  
  127  7:19  Supply Depot  
  127  7:21  Marine x2  
  129  7:23  SCV x2  
  129  7:27  Marauder  
  129  7:29  Widow Mine  
  135  7:31  Marauder  
  135  7:36  Orbital Command  
  136  7:38  SCV  
  136  7:40  Marine x2  
  139  7:46  SCV  
  139  7:48  Marauder  
  139  7:49  Widow Mine  
  144  7:53  Marauder  
  144  7:54  Widow Mine  
  144  7:55  Supply Depot  
  144  7:57  SCV  
  149  7:58  SCV  
  149  7:59  Barracks Tech Lab, Barracks Reactor  
  149  8:00  Marine x2  
  149  8:05  SCV  
  153  8:09  Marauder, SCV  
  154  8:13  Marine  
  154  8:14  Supply Depot, Ghost Academy  
  154  8:17  SCV x2  
  157  8:20  Marine x2  
  157  8:21  SCV  
  157  8:22  Marauder  
  161  8:31  Marauder  
  161  8:32  Marauder  
  161  8:34  Refinery  
  163  8:38  Marine x2  
  163  8:39  Supply Depot  
  163  8:40  Supply Depot  
  163  8:44  Marauder, SCV x2  
  163  8:46  Marine  
  163  8:47  SCV  
  169  8:49  Refinery  
  169  8:50  Widow Mine x2  
  169  8:52  Armory  
  169  8:53  Engineering Bay  
  169  8:55  Medivac x2  
  173  8:56  SCV  
  173  8:58  Marine x2  
  173  9:01  Marauder  
  173  9:02  Marine x2  
  182  9:03  SCV  
  182  9:09  Ghost  
  183  9:20  Ghost  
  183  9:21  Ghost  
  183  9:23  Command Center  
  185  9:29  Marine x3  
  188  9:33  Widow Mine x2  
  188  9:36  Missile Turret  
  188  9:37  Medivac x2  
  195  9:39  Ghost  
  195  9:45  Terran Infantry Weapons Level 2  
  191  9:48  Marine, Ghost  
  191  9:50  Ghost  
  192  9:54  Widow Mine  
  192  9:57  Marine x2  
  192  9:58  Terran Infantry Armor Level 2  
  194  10:09  Ghost  
  194  10:11  Marine  
  194  10:12  Widow Mine  
  194  10:13  Medivac  
  190  10:20  Missile Turret, Barracks x2  
  190  10:21  Barracks  
  190  10:24  SCV x2, Sensor Tower  
  190  10:25  SCV  
  190  10:26  Marine x2  
  190  10:27  Marine  
  196  10:33  Marauder  
  196  10:34  Marine  
  196  10:36  SCV, Viking  
  196  10:38  SCV, Marine  
  196  10:39  Marine  
  198  10:44  Marine x2  
  200  10:52  Marine  
  200  10:55  Widow Mine  
  199  11:03  Marine  
  200  11:14  Command Center  
  200  11:15  Marauder  
  200  11:18  Marauder  
  197  11:19  Liberator  
  197  11:21  Marauder, Widow Mine, Marine  
  188  11:27  Marine  
  188  11:29  Widow Mine  
  188  11:32  Medivac  
  192  11:33  Barracks Tech Lab x2, Barracks Reactor  
  192  11:36  Marauder  
  192  11:38  Marine  
  185  11:41  Marine x2  
  185  11:42  Marauder x2, Widow Mine  
  185  11:45  Marine  
  185  11:46  Planetary Fortress  
  192  11:50  Widow Mine  
  192  11:53  Missile Turret  
  192  11:56  Marine  
  193  12:02  Medivac x2  
  193  12:03  Missile Turret, Ghost  
  193  12:04  Marine  
  193  12:07  Terran Infantry Weapons Level 3  
  186  12:24  Terran Infantry Armor Level 3  
  186  12:27  Refinery x2  
  186  12:28  Terran Ship Weapons Level 1  
  186  12:31  Ghost  
  182  12:41  Ghost  
  182  12:44  Ghost  
  174  12:55  Ghost  
  174  12:56  Marine  
  174  12:57  Marauder, Widow Mine, Marine  
  155  12:59  Widow Mine  
  155  13:00  Marine x2  
  155  13:02  Marauder  
  155  13:04  Marine  
  155  13:05  Marine  
  154  13:10  Marauder  
  152  13:13  Marauder  
  152  13:16  Planetary Fortress  
  152  13:18  Marauder  
  152  13:19  Marine x3  
  159  13:23  Marine x2  
  159  13:24  Marauder, Marine  
  159  13:25  Marauder  
  166  13:30  Missile Turret  
  166  13:31  Marauder  
  166  13:34  Marine  
  172  13:37  Medivac x2  
  172  13:39  Ghost  
  175  13:42  SCV x2, Refinery  
  175  13:43  Refinery  
  175  13:45  Marauder, Command Center  
  175  13:46  Marauder  
  181  13:52  Starport, Marauder  
  182  13:57  Missile Turret, SCV x2  
  182  13:59  SCV  
  182  14:00  Missile Turret  
  182  14:03  Missile Turret  
  182  14:08  Viking  
  182  14:09  Viking  
  182  14:28  Viking  
  182  14:29  Viking  
  186  14:37  Marauder  
  188  14:45  Marine x2  
  162  14:55  Starport  
Show
View Real Time Build Order
Export as new Build Order

Cyan Protoss 

Build Orders: 1 Gate Expand, Blink Stalkers 

Get SALT Encoding   

  12  0:00  Probe  
  13  0:12  Probe  
  14  0:17  Pylon  
  14  0:24  Probe (Chrono Boost)  
  15  0:36  Gateway  
  15  0:37  Probe (Chrono Boost)  
  16  0:44  Probe (Chrono Boost)  
  16  0:47  Assimilator  
  17  0:51  Probe  
  18  1:03  Probe  
  19  1:15  Probe  
  20  1:24  Cybernetics Core  
  20  1:33  Nexus  
  20  1:37  Probe  
  21  1:44  Pylon  
  21  1:49  Probe  
  21  1:52  Assimilator  
  22  1:59  Adept (Chrono Boost)  
  22  2:01  Probe  
  23  2:03  Warp Gate  
  25  2:13  Probe (Chrono Boost)  
  26  2:23  Twilight Council  
  26  2:25  Probe (Chrono Boost)  
  27  2:30  Probe (Chrono Boost)  
  27  2:32  Stalker  
  30  2:43  Gateway  
  30  2:44  Probe  
  30  2:47  Probe  
  32  2:52  Blink (Chrono Boost)  
  32  2:57  Probe  
  33  2:59  Probe  
  34  3:09  Probe  
  34  3:11  Probe  
  36  3:16  Shield Battery  
  36  3:18  Sentry  
  38  3:21  Probe  
  38  3:23  Gateway  
  38  3:25  Probe  
  40  3:33  Probe, Pylon  
  41  3:38  Probe  
  41  3:45  Probe  
  42  3:48  Assimilator  
  42  3:50  Probe  
  42  3:54  Stalker  
  45  3:57  Probe  
  46  4:05  Nexus  
  46  4:06  Probe  
  47  4:10  Stalker  
  47  4:11  Probe  
  47  4:15  Pylon  
  50  4:18  Probe  
  50  4:24  Stalker, Probe  
  54  4:30  Robotics Facility  
  54  4:33  Probe  
  54  4:36  Probe  
  56  4:39  Pylon  
  56  4:44  Stalker  
  56  4:45  Probe  
  59  4:48  Stalker, Probe  
  62  4:55  Forge  
  62  4:57  Probe  
  62  4:58  Pylon  
  63  5:02  Probe  
  64  5:09  Probe, Charge  
  65  5:18  Warp Prism (Chrono Boost)  
  65  5:19  Gateway  
  65  5:20  Gateway  
  65  5:22  Protoss Ground Armor Level 1 (Chrono Boost)  
  65  5:24  Sentry  
  69  5:31  Gateway  
  69  5:32  Probe  
  70  5:36  Gateway  
  70  5:44  Gateway  
  70  5:46  Probe  
  70  5:48  Stalker  
  73  5:50  Stalker  
  73  5:56  Probe  
  75  6:03  Probe  
  76  6:05  Probe  
  76  6:06  Sentry  
  76  6:08  Probe  
  76  6:09  Shield Battery  
  80  6:15  Probe  
  80  6:17  Zealot x3  
  87  6:20  Zealot  
  87  6:24  Pylon x2  
  87  6:28  Probe, Pylon  
  87  6:30  Zealot  
  87  6:31  Zealot  
  92  6:40  Probe  
  92  6:41  Immortal (Chrono Boost)  
  92  6:42  Probe  
  92  6:43  Pylon  
  92  6:54  Zealot, Probe  
  92  6:55  Zealot  
  92  6:56  Zealot  
  92  6:57  Probe  
  100  7:03  Probe, Templar Archives  
  100  7:06  Probe  
  102  7:09  Probe  
  102  7:14  Pylon  
  103  7:15  Probe  
  103  7:17  Immortal  
  103  7:18  Probe  
  103  7:19  Protoss Ground Weapons Level 1 (Chrono Boost)  
  103  7:21  Probe  
  110  7:24  Psionic Storm  
  110  7:29  Gateway  
  110  7:31  Gateway  
  110  7:32  Zealot x2  
  114  7:39  Probe x3  
  115  7:46  Assimilator  
  115  7:50  Assimilator, High Templar x3  
  121  7:51  Probe x2  
  121  7:52  Probe  
  121  7:58  Pylon  
  124  8:03  Probe  
  125  8:09  High Templar  
  125  8:12  Probe  
  123  8:14  Zealot x4  
  123  8:18  Probe  
  123  8:19  Probe  
  132  8:26  Zealot x4  
  140  8:38  Pylon  
  140  8:39  Pylon  
  132  8:52  Zealot x2  
  132  8:53  Zealot x3  
  140  8:57  Pylon  
  140  8:59  Pylon  
  128  9:09  Zealot x5  
  134  9:18  Zealot x3  
  134  9:19  Zealot x2  
  141  9:26  Observer, Nexus  
  141  9:28  Pylon x2  
  138  9:35  Zealot x5  
  144  9:47  Immortal  
  148  9:52  Dark Shrine  
  148  9:53  Observer  
  148  9:55  Photon Cannon  
  148  9:56  Stalker x5  
  148  9:58  Shield Battery  
  148  9:59  High Templar x3  
  164  10:04  High Templar x2  
  132  10:20  Robotics Bay  
  133  10:21  Probe  
  133  10:25  Robotics Facility  
  133  10:26  Zealot  
  133  10:27  Zealot x4  
  142  10:40  Stalker x5  
  145  10:55  Zealot x2  
  145  10:56  Zealot x2  
  147  11:03  Zealot x4  
  155  11:08  Forge  
  155  11:09  Dark Templar x2  
  159  11:16  Forge  
  159  11:22  Zealot  
  159  11:23  Zealot x3  
  157  11:32  Pylon  
  156  11:34  Pylon  
  148  11:42  Protoss Ground Weapons Level 2 (Chrono Boost)  
  138  11:51  Probe  
  138  11:52  Probe  
  138  11:53  Colossus (Chrono Boost), Probe, Pylon  
  140  11:56  Nexus  
  140  11:57  Assimilator  
  140  11:58  Pylon  
  140  12:00  Pylon  
  146  12:03  Probe  
  146  12:06  Observer (Chrono Boost)  
  146  12:08  Probe x2  
  150  12:10  Zealot x4  
  157  12:16  Zealot x2  
  161  12:25  Colossus (Chrono Boost)  
  163  12:32  Zealot  
  163  12:33  Zealot x2  
  167  12:49  Zealot x2  
  167  12:50  Zealot x2  
  163  12:54  Zealot x3  
  163  12:57  Archon  
  147  12:58  Archon  
  147  12:59  Zealot x2  
  147  13:03  Archon  
  118  13:14  Probe x2  
  118  13:16  Colossus (Chrono Boost)  
  118  13:17  Probe x2  
  128  13:24  Warp Prism (Chrono Boost)  
  130  13:33  Probe  
  125  13:37  Stalker x3  
  131  13:42  Dark Templar  
  131  13:46  Probe  
  131  13:47  Probe  
  135  13:51  Observer  
  135  13:52  Probe  
  135  13:55  High Templar x5  
  143  13:59  Photon Cannon  
  143  14:00  Observer (Chrono Boost)  
  140  14:05  High Templar  
  140  14:09  Zealot x2  
  146  14:12  Observer (Chrono Boost)  
  145  14:19  Probe  
  145  14:20  Observer (Chrono Boost)  
  145  14:21  Assimilator  
  145  14:23  Shield Battery  
  147  14:26  Assimilator, High Templar x2  
  151  14:32  Shield Battery  
  151  14:36  Archon  
  151  14:38  Zealot x3  
  81  14:54  Archon  
  81  14:55  Stalker x4  
  82  15:00  Stalker  

Tags
 
Add a new tag
Caveats
  • Supply blocks, unpowered buildings, or Contaminate may cause inaccurate times.
  • Supply counts are checked every 10 seconds.